 Dungeon Crawl Stone Soup version 0.32-a0-918-g0f22ef8d61 (webtiles) character file.

Game seed: 9695552435989789458

325442 CrossHare the Unseen (level 20, -18/134 HPs)
             Began as a Vampire Brigand on Apr 10, 2024.
             Was the Champion of Dithmenos.
             Killed from afar by a Hell Sentinel (51 damage)
             ... with an iron shot
             ... on level 2 of the Abyss on Apr 11, 2024.
             The game lasted 02:15:43 (41618 turns).

CrossHare the Unseen (Vampire Brigand)             Turns: 41618, Time: 02:15:44

Health: -18/134    AC: 21    Str:  9    XL:     20   Next: 73%
Magic:  22/22      EV: 30    Int: 12    God:    Dithmenos [******]
Gold:   2436       SH: 14    Dex: 29    Spells: 14/26 levels left

rFire   . . .        b - +2 double sword (drain)
rCold   + + .        g - +2 buckler
rNeg    + + +        K - +2 robe {Will+}
rPois   ∞            A - +2 helmet
rElec   .            y - +2 cloak {Stlth+}
rCorr   .            l - +2 pair of gloves
SInv    +            J - +2 pair of boots {Fly}
Will    +++..        d - amulet of reflection Stlth **********
                     x - +6 ring of dexterity
HPRegen 0.00/turn    L - +4 ring of protection
MPRegen 0.18/turn

%: reflection, clarity
@: flying, bloodless, inhibited regen, wreathed by umbra, studying Long Blades
A: bloodless, fangs 3, see invisible, vampiric 2, agile 1, clarity, [clumsy 2],
[dopey 1], [low MP 1]
}: 2/15 runes: barnacled, gossamer
a: Bat Form, Revivify, Renounce Religion, Shadow Step, Shadow Form


You were on level 2 of the Abyss.
You worshipped Dithmenos.
Dithmenos was exalted by your worship.
You visited 7 branches of the dungeon, and saw 35 of its levels.
You visited the Abyss 2 times.
You also visited: Ossuary, Bailey and Wizlab.

You collected 3368 gold pieces.
You spent 932 gold pieces at shops.

Inventory:

Hand Weapons
 a - the +3 greatsling "Punk" {acid, rCorr}
   (You found it on level 3 of the Lair of Beasts)

   rCorr:     It protects you from acid and corrosion.
 b - a +2 double sword of draining (weapon)
 e - the +7 falchion "Xoleceu" {speed, Dex+5}
   (You found it in a bailey)

   Dex+5:     It affects your dexterity (+5).
 Y - a +2 scimitar of flaming
Missiles
 t - 5 curare-tipped darts
 M - 2 throwing nets
Armour
 g - a +2 buckler (worn)
 l - a +2 pair of gloves (worn)
 m - a +4 ring mail of fire resistance
 y - a +2 cloak of stealth (worn)
 A - a +2 helmet (worn)
 J - a +2 pair of boots of flying (worn)
 K - a +2 robe of willpower (worn)
Jewellery
 d - an amulet of reflection (around neck)
 o - a ring of protection from fire
 x - a +6 ring of dexterity (left hand)
 E - a +6 ring of dexterity
 L - a +4 ring of protection (right hand)
Wands
 c - a wand of quicksilver (21)
 C - a wand of warping (9)
 H - a wand of digging (13)
Scrolls
 f - 4 scrolls of vulnerability
 h - 2 scrolls of teleportation
 p - 4 scrolls of fog
 q - 9 scrolls of blinking
 F - 8 scrolls of fear
 I - 3 scrolls of poison
 N - 2 scrolls of torment
 P - 3 scrolls of revelation
 S - 5 scrolls of immolation
 T - 2 scrolls of silence
 U - 2 scrolls of summoning
 X - 4 scrolls of amnesia
Potions
 i - 18 potions of curing
 j - a potion of cancellation
 k - 6 potions of attraction
 n - 8 potions of ambrosia
 r - 6 potions of lignification
 s - a potion of resistance
 v - 5 potions of mutation
 z - a potion of enlightenment
 D - 2 potions of berserk rage
 G - 2 potions of might
 O - 5 potions of brilliance
 R - 5 potions of invisibility
 W - 3 potions of haste
 Z - 4 potions of magic
Miscellaneous
 u - a condenser vane
 B - a phial of floods
 Q - a sack of spiders
 V - a phantom mirror


   Skills:
 + Level 17.2 Fighting
 - Level 2.1(11.5) Short Blades
 - Level 15.9(16.0) Long Blades
 - Level 14.0 Ranged Weapons
 - Level 1.5 Throwing
 - Level 7.0 Armour
 + Level 17.5 Dodging
 - Level 17.5 Stealth
 - Level 7.0 Shields
 + Level 3.6 Spellcasting
 * Level 16.0 Hexes
 - Level 4.0 Translocations


You had 14 spell levels left.
You knew the following spells:

 Your Spells              Type           Power      Damage    Failure   Level
a - Dimensional Bullseye  Hex/Tloc       13%        N/A       5%          4
b - Discord               Hex            20%        N/A       96%         8

Your spell library contained the following spells:

 Spells                   Type           Power      Damage    Failure   Level
 Jinxbite                 Hex            80%        N/A       1%          2
 Confusing Touch          Hex            40%        N/A       1%          3
 Sigil of Binding         Hex            40%        N/A       1%          3
 Tukima's Dance           Hex            40%        N/A       1%          3
 Inner Flame              Hex/Fire       21%        N/A       3%          3
 Apportation              Tloc           22%        N/A       6%          1
 Blink                    Tloc           22%        N/A       10%         2
 Lesser Beckoning         Tloc           22%        N/A       10%         2
 Teleport Other           Tloc           11%        N/A       19%         3
 Momentum Strike          Conj/Tloc      12%        3d8       22%         2
 Freeze                   Ice            8%         1d3       32%         1
 Kiss of Death            Conj/Necr      8%         2d6       32%         1
 Magic Dart               Conj           8%         1d3       32%         1
 Necrotise                Necr           8%         1d4       32%         1
 Sting                    Conj/Alch      8%         1d3       32%         1
 Summon Small Mammal      Summ           8%         N/A       32%         1
 Call Imp                 Summ           4%         N/A       43%         2
 Mercury Vapours          Alch/Air       4%         N/A       43%         2
 Searing Ray              Conj           4%         2d4       43%         2
 Sublimation of Blood     Necr           2%         N/A       43%         2
 Call Canine Familiar     Summ           2%         N/A       67%         3
 Frozen Ramparts          Ice            4%         1d1       67%         3
 Hailstorm                Conj/Ice       2%         3d5       67%         3
 Mephitic Cloud           Conj/Alch/Air  2%         N/A       67%         3
 Stone Arrow              Conj/Erth      4%         3d7       67%         3
 Iskenderun's Mystic Bla Conj/Tloc 6%             2d4        (+2d1     80%         4
 Animate Armour           Summ/Erth      4%         N/A       97%         4
 Dispel Undead            Necr           2%         3d7       97%         4
 Leda's Liquefaction      Alch/Erth      1%         N/A       97%         4
 Alistair's Intoxication  Alch           1%         N/A       100%        5
 Freezing Cloud           Conj/Ice/Air   1%         6-21      100%        5
 Irradiate                Conj/Alch      1%         3d12      100%        5
 Iskenderun's Battlesphe  Conj           2%         2d6       100%        5
 Lee's Rapid Deconstruct  Erth           1%         3d4*      100%        5
 Conjure Ball Lightning   Conj/Air       1%         3x3d6     100%        6
 Dispersal                Tloc           5%         N/A       100%        6
 Gell's Gavotte           Tloc           5%         2d(13-20) 100%        6
 Permafrost Eruption      Ice/Erth       1%         2x4d1     100%        6
 Sculpt Simulacrum        Ice/Alch       1%         N/A       100%        6
 Haunt                    Necr/Summ      1%         N/A       100%        7
 Ozocubu's Refrigeration  Ice            1%         4d7       100%        7
 Spellforged Servitor     Conj/Summ      1%         N/A       100%        7
 Disjunction              Tloc           5%         N/A       100%        8
 Ignition                 Fire           1%         3d3       100%        8
 Lehudib's Crystal Spear  Conj/Erth      1%         10d2      100%        8
 Chain Lightning          Conj/Air       1%         3d1       100%        9
 Fire Storm               Conj/Fire      1%         7d1       100%        9
 Polar Vortex             Ice            1%         N/A       100%        9
 Shatter                  Erth           1%         3d5*      100%        9
 Borgnjor's Revivificati  Necr           Unusable   N/A       N/A         8
 Death's Door             Necr           Unusable   N/A       N/A         9

Dungeon Overview and Level Annotations

Branches:
Dungeon (15/15)            Temple (1/1) D:7            Lair (5/5) D:8
 Shoals (4/4) Lair:2       Spider (4/4) Lair:2        Slime (0/5) Lair:5
    Orc (2/2) D:9             Elf (0/3) Orc:2        Vaults (4/5) D:14
 Depths (0/4) D:15        Ossuary (visited)          Bailey (visited)
 WizLab (visited)
  Crypt: Vaults:2-3

Altars:
Ashenzari
Cheibriados
Dithmenos
Fedhas
Gozag
Hepliaklqana
Kikubaaqudgha
Makhleb
Nemelex Xobeh
Okawaru
Qazlal
Ru
Sif Muna
Trog
Uskayaw
Vehumet
Wu Jian
Xom
Yredelemnul
Beogh
Jiyva

Shops:
D:9 [   D:12 *[([   Orc:2 (=(*   Shoals:4 (   Vaults:1 =

Annotations:
D:5 1 runed translucent door, pokeman's ghost, novice DEHW
Lair:5 2 transporters, Zonian's ghost, journeyman GrEE
Shoals:2 1 runed translucent door, Bunar's ghost, journeyman FeSh
Shoals:4 3 runed translucent doors, croobank's ghost, adept FeSu


Innate Abilities, Weirdness & Mutations

You do not regenerate when monsters are visible.
You are frail without blood (-20% HP).
You can heal yourself when you bite living creatures.
You are immune to poison.
You have razor-sharp teeth.
You have supernaturally acute eyesight. (SInv)
You are afflicted with vampirism and can become a bat while bloodless.
You are agile. (Dex +4, Str/Int -1)
You possess an exceptional clarity of mind.
[You are very clumsy. (Dex -4)]
[You are dopey. (Int -2)]
[Your magical capacity is low. (-10% MP)]


Message History

The damnation engulfs the Hell Sentinel.
The Hell Sentinel completely resists.
You hit the Hell Sentinel but do no damage.
The Hell Sentinel is heavily wounded.
Your shadow hits the Hell Sentinel with a double sword!
Unknown command.
You feel much better.
The Hell Sentinel completely misses you.
The Hell Sentinel hits you.
You slice the Hell Sentinel!!
The Hell Sentinel is severely wounded.
Your shadow hits the Hell Sentinel but does no damage.
The Hell Sentinel gestures at you.
The sphere of damnation explodes!
The damnation engulfs you!!
* * * LOW HITPOINT WARNING * * *
The damnation engulfs the Hell Sentinel.
The Hell Sentinel completely resists.
A rust devil comes into view.
The rust devil screeches!
You feel much better. The Hell Sentinel gestures at you.
The sphere of damnation explodes!
The damnation engulfs you!
* * * LOW HITPOINT WARNING * * *
You emit a cloud of dark smoke.
The damnation engulfs the Hell Sentinel.
The Hell Sentinel completely resists.
You hear a screech!
You hit the Hell Sentinel.
You bite the Hell Sentinel, but do no damage.
The Hell Sentinel is severely wounded.
Your shadow hits the Hell Sentinel with a double sword.
A worldbinder comes into view.
A small abomination comes into view. x2
The Hell Sentinel completely misses you.
The Hell Sentinel misses you. You block the rust devil's attack.
You hit the Hell Sentinel but do no damage.
The Hell Sentinel is severely wounded.
Your shadow hits the Hell Sentinel but does no damage.
The Hell Sentinel gestures at you. The iron shot hits you!!!
You die...

. # # . #..
# .# ## ..
# .. # #.##
. .. .
#x.###..#.
.#
##..###..§#
# #.§#§§# #
#§#§##. . #
#@4§# ....
# #31§#§§ #
.. ...x.##§
### v.
#....# .# #
v ..... . .
. .x## # .


You could see a Hell Sentinel (corroded), a rust devil, a worldbinder, a
sixfirhy and 2 small abominations.

Vanquished Creatures
  An ancient lich (Vaults:3)
  Rupert (D:15)
  A tentacled starspawn (Abyss:2)
  2 krakens
  A sphinx (Vaults:3)
  Gastronok (Lair:1)
  Roxanne (Spider:3)
  Kirke (D:12)
  9 emperor scorpions
  Ilsuiw (Shoals:2)
  A deep elf sorcerer (Vaults:3)
  Aizul (Shoals:3)
  3 ghost moths (Spider:4)
  A draconian stormcaller (WizLab)
  3 ironbound preservers
  5 orc warlords
  A very ugly thing (Abyss:2)
  2 broodmothers (Spider:3)
  5 vault wardens
  A formless jellyfish (Vaults:3)
  An ironbound thunderhulk (Vaults:1)
  4 dire elephants (Vaults:1)
  Azrael (D:13)
  10 purple draconians (WizLab)
  5 spark wasps
  5 merfolk javelineers
  8 merfolk impalers
  2 ettins
  7 statues (WizLab)
  Erolcha (D:13)
  3 great orbs of eyes
  7 entropy weavers
  Fannar (D:11)
  4 hydras
  3 vault guards
  2 ironbound frosthearts (Vaults:1)
  3 alligator snapping turtles (Shoals:1)
  2 jorogumos (Spider:2)
  3 merfolk avatars
  4 merfolk aquamancers
  2 alligators (Shoals:1)
  2 catoblepae
  5 centaur warriors
  6 satyrs
  A tengu warrior (D:15)
  4 death yaks (Lair:4)
  A deep troll shaman (Vaults:3)
  5 boulder beetles
  11 two-headed ogres
  5 radroaches
  A deep troll earth mage (Vaults:3)
  6 orc high priests
  An occultist (D:15)
  6 demonic crawlers
  A wretched star (Abyss:2)
  Nergalle (Lair:1)
  4 pharaoh ants
  Sonja (D:12)
  A spatial maelstrom (Abyss:2)
  5 skysharks
  13 sea snakes
  2 goliath frogs (Shoals:1)
  A large abomination (Abyss:2)
  9 orb spiders
  4 arcanists
  7 deep trolls
  5 ironbound convokers
  4 obsidian bats
  5 lindwurms
  2 starcursed masses (Abyss:2)
  3 sun moths
  5 steelbarb worms
  11 harpies
  A necromancer (D:15)
  16 orc knights
  5 manticores
  7 orc sorcerers
  A deep elf pyromancer (D:15)
  23 wolf spiders
  19 fauns
  8 ugly things
  4 cyclopes
  2 worldbinders (Abyss:2)
  11 meliai
  11 merfolk sirens
  4 moths of wrath
  19 elephants
  5 kobold blastminers
  A smoke demon (Abyss:2)
  6 vault sentinels
  5 water nymphs
  2 black mambas (shapeshifter)
  7 torpor snails
  6 black mambas
  4 gargoyles
  Jeremiah (Lair:1)
  17 cane toads
  12 komodo dragons
  2 kobold demonologists
  14 yaktaurs
  22 tengu conjurers
  An efreet (D:13)
  An ancient zyme (Abyss:2)
  34 merfolk
  4 trolls
  5 wind drakes
  A queen bee (Lair:1)
  4 polar bears (Lair:5)
  Grinder (D:3)
  40 tarantellas
  10 hornets
  43 jumping spiders
  11 raiju (Abyss:2)
  29 blink frogs
  10 dream sheep
  14 snapping turtles
  Sigmund (D:2)
  25 slime creatures
  12 water elementals
  30 culicivoras
  A wraith (D:12)
  14 spriggans (Lair:5)
  A vampire (D:13)
  2 wyverns (Lair:5)
  2 shadows
  A ynoxinul (Abyss:2)
  4 fire elementals (D:13)
  Eustachio (D:5)
  2 hogs (D:12)
  4 wargs (Orc:2)
  47 yaks
  2 chaos spawn (Abyss:2)
  8 vampire mosquitoes
  4 basilisks
  45 redbacks
  3 steam dragons
  Menkaure (D:4)
  A spatial vortex (Abyss:2)
  Edmund (D:4)
  3 acid dragons
  11 water moccasins
  3 hell hounds (Abyss:2)
  53 orc warriors
  A sky beast (D:7)
  4 black bears
  2 ice beasts
  42 wolves
  2 laughing skulls (D:10)
  13 ogres
  3 boggarts (Lair:5)
  7 centaurs
  2 phantoms (D:5)
  A weeping skull (Ossuary)
  5 kobold brigands
  Blork the orc (D:5)
  A bullfrog (shapeshifter) (D:15)
  10 bullfrogs
  3 gnoll sergeants
  A scorpion (Lair:1)
  3 small abominations (Abyss:2)
  10 wights
  2 burial acolytes (Ossuary)
  34 killer bees
  8 electric eels
  6 howler monkeys
  2 lava snakes (Lair:1)
  3 human zombies (Ossuary)
  A centaur zombie (Ossuary)
  Crazy Yiuf (D:5)
  A jelly (D:5)
  4 bombardier beetles
  33 orc priests
  A hound (D:4)
  8 iguanas
  15 orc wizards
  3 hound zombies (Ossuary)
  2 mummies (Ossuary)
  24 gnolls
  9 adders
  A shadow imp (D:6)
  2 white imps
  5 ufetubi
  2 dart slugs (D:1)
  2 ribbon worms
  114 orcs
  7 bats
  3 endoplasms
  A giant cockroach (D:1)
  15 goblins
  13 hobgoblins
  6 jackals
  22 kobolds
  3 quokkas
  6 ball pythons
  6 frilled lizards
  2 gnoll zombies (Ossuary)
  A goblin zombie (D:5)
  7 orc zombies (Ossuary)
  7 rats
  A rat zombie (D:5)
  A tentacle (Shoals:3)
1478 creatures vanquished.

Vanquished Creatures (others)
  A merfolk aquamancer (Shoals:1)
  A human (D:12)
  An orc priest (Orc:2)
  An orc wizard (Orc:2)
  An ufetubus (Abyss:2)
  2 orcs
  A goblin (D:8)
  3 starspawn tentacles (Abyss:2)
  8 tentacles
19 creatures vanquished.

Grand Total: 1497 creatures vanquished

Notes
Turn   | Place    | Note
-------+----------+-------------------------------------------
     0 | D:1      | CrossHare the Vampire Brigand began the quest for the Orb.
     0 | D:1      | Reached XP level 1. HP: 16/16 MP: 1/1
   141 | D:1      | Reached XP level 2. HP: 22/22 MP: 2/2
   194 | D:1      | Reached skill level 1 in Long Blades
   877 | D:2      | Noticed Sigmund
   895 | D:2      | Killed Sigmund
   896 | D:2      | Gained mutation: You are afflicted with vampirism and can
                  | become a bat while bloodless. [Vampire growth]
   896 | D:2      | Reached XP level 3. HP: 28/28 MP: 3/3
   896 | D:2      | Reached XP level 4. HP: 34/34 MP: 4/4
   896 | D:2      | Reached XP level 5. HP: 39/39 MP: 5/5
  1622 | D:2      | Reached XP level 6. HP: 47/47 MP: 6/6
  1665 | D:3      | Noticed Grinder
  1956 | D:3      | Found a broken altar of Ashenzari.
  1974 | D:3      | Paralysed by Grinder for 2 turns
  1983 | D:3      | Paralysed by Grinder for 2 turns
  2007 | D:3      | Paralysed by Grinder for 5 turns
  2027 | D:3      | Paralysed by Grinder for 4 turns
  2035 | D:3      | Paralysed by Grinder for 5 turns
  2048 | D:3      | Killed Grinder
  2218 | D:3      | Found a stormy altar of Qazlal.
  2245 | D:3      | Found a faded altar of an unknown god.
  2245 | D:3      | Noticed a hell beast
  2399 | D:4      | Reached XP level 7. HP: 41/52 MP: 7/7
  2609 | D:4      | Found an iron altar of Okawaru.
  2644 | D:4      | Reached skill level 5 in Long Blades
  2814 | D:4      | Noticed Edmund
  2816 | D:4      | Killed Edmund
  2830 | D:4      | Noticed Menkaure
  2837 | D:4      | Killed Menkaure
  2838 | D:4      | Reached XP level 8. HP: 60/60 MP: 8/8
  3039 | D:5      | Entered Level 5 of the Dungeon
  3095 | D:5      | Noticed Eustachio
  3098 | D:5      | Noticed Blork the orc
  3120 | D:5      | Killed Blork the orc
  3123 | D:5      | Killed Eustachio
  3131 | D:5      | Reached skill level 5 in Dodging
  3226 | D:5      | Found a sand-covered staircase.
  3233 | Ossuary  | Entered an ossuary
  3259 | Ossuary  | Found a hazy altar of Hepliaklqana.
  3635 | Ossuary  | Reached skill level 5 in Fighting
  3742 | D:5      | Reached skill level 10 in Stealth
  3742 | D:5      | Reached XP level 9. HP: 51/68 MP: 9/9
  3828 | D:5      | Found a runed translucent door.
  3883 | D:5      | Noticed pokeman's ghost (novice DEHW)
  4140 | D:5      | Found a runed translucent door.
  4141 | D:5      | Noticed Crazy Yiuf
  4150 | D:5      | Killed Crazy Yiuf
  5559 | D:7      | Found a staircase to the Ecumenical Temple.
  5568 | Temple   | Entered the Ecumenical Temple
  5712 | D:7      | Noticed a kobold demonologist
  5725 | D:7      | Killed a kobold demonologist
  5937 | D:7      | Found an ornate altar of the Wu Jian Council.
  6348 | D:7      | Reached XP level 10. HP: 76/76 MP: 10/10
  6568 | D:8      | Found a flagged portal.
  6622 | Bailey   | Entered a bailey
  6784 | Bailey   | Noticed an orc knight
  6837 | Bailey   | Killed an orc knight
  6904 | Bailey   | Noticed an orc high priest
  6922 | Bailey   | Noticed a sun demon
  6922 | Bailey   | Killed an orc high priest
  6926 | Bailey   | Reached skill level 10 in Long Blades
  7000 | Bailey   | Acquired a manual of Fighting
  7184 | Bailey   | Found an iron altar of Okawaru.
  7184 | Bailey   | Noticed an orc knight
  7208 | Bailey   | Killed an orc knight
  7273 | Bailey   | Identified the +7 falchion "Xoleceu" {speed, Dex+5}
  7624 | D:8      | Found a staircase to the Lair.
  7934 | D:8      | Noticed a boulder beetle
  7958 | D:8      | Noticed a two-headed ogre
  7967 | D:8      | Killed a boulder beetle
  7968 | D:8      | Reached XP level 11. HP: 58/86 MP: 11/11
  8065 | D:8      | Killed a two-headed ogre
  8094 | D:8      | Noticed a two-headed ogre
  8102 | D:8      | Killed a two-headed ogre
  8389 | D:8      | Found a shimmering blue altar of Sif Muna.
  8679 | D:9      | Found a staircase to the Orcish Mines.
  8681 | D:9      | Found Pinaa's Armour Boutique.
  8701 | D:9      | Bought a +0 pair of boots of flying for 138 gold pieces
  9341 | D:9      | Found a hazy altar of Hepliaklqana.
  9343 | D:9      | Found a shadowy altar of Dithmenos.
  9412 | D:9      | Became a worshipper of Dithmenos the Shadowed
  9585 | D:10     | Entered Level 10 of the Dungeon
 10308 | D:11     | Reached * piety under Dithmenos
 10574 | D:11     | Noticed a two-headed ogre
 10583 | D:11     | Killed a two-headed ogre
 10645 | D:11     | Reached XP level 12. HP: 70/77 MP: 12/12
 10689 | D:11     | Noticed Fannar
 10709 | D:11     | Killed Fannar
 11530 | D:12     | Reached skill level 10 in Fighting
 11712 | D:12     | Reached skill level 10 in Dodging
 11889 | D:12     | Reached ** piety under Dithmenos
 11892 | D:12     | Found Vodaal's General Store.
 11894 | D:12     | Found Moikhergh's Weapon Shop.
 11894 | D:12     | Found Ecana's Antique Armour Emporium.
 11896 | D:12     | Found Ylityuff's Armour Boutique.
 11939 | D:12     | Noticed Kirke
 11944 | D:12     | Reached skill level 15 in Stealth
 11957 | D:12     | Killed Kirke
 12290 | D:12     | Noticed a two-headed ogre
 12294 | D:12     | Killed a two-headed ogre
 12306 | D:12     | Noticed Sonja
 12337 | D:12     | Killed Sonja
 12521 | D:12     | Got the Tome of the Manifold and the Undead
 12633 | D:13     | Noticed Erolcha
 12645 | D:13     | Killed Erolcha
 12651 | D:13     | Noticed a centaur warrior
 12658 | D:13     | Killed a centaur warrior
 12897 | D:13     | Noticed a two-headed ogre
 12908 | D:13     | Killed a two-headed ogre
 12975 | D:13     | Noticed Azrael
 13002 | D:13     | Killed Azrael
 13220 | D:13     | Reached XP level 13. HP: 64/84 MP: 13/13
 13501 | Lair:1   | Entered Level 1 of the Lair of Beasts
 13528 | Lair:1   | Reached *** piety under Dithmenos
 13830 | Lair:1   | Noticed Jeremiah
 13836 | Lair:1   | Killed Jeremiah
 14074 | Lair:1   | Noticed Nergalle
 14082 | Lair:1   | Killed Nergalle
 14265 | Lair:1   | Reached **** piety under Dithmenos
 14276 | Lair:1   | Noticed Gastronok
 14283 | Lair:1   | Killed Gastronok
 14770 | Lair:2   | Reached skill level 15 in Long Blades
 15062 | Lair:2   | Found a hole to the Spider Nest.
 15144 | Lair:2   | Found a staircase to the Shoals.
 15293 | Lair:2   | Reached ***** piety under Dithmenos
 15672 | Lair:3   | Found the +3 greatsling "Punk" {acid, rCorr}
 15783 | Lair:2   | Reached skill level 1 in Armour
 15941 | Lair:2   | Reached skill level 1 in Ranged Weapons
 15941 | Lair:2   | Reached XP level 14. HP: 80/94 MP: 14/14
 17607 | Lair:5   | Entered Level 5 of the Lair of Beasts
 17647 | Lair:5   | Found a viscous altar of Jiyva.
 17648 | Lair:5   | Found a staircase to the Slime Pits.
 18201 | Lair:5   | Reached ****** piety under Dithmenos
 18291 | Lair:5   | Reached skill level 5 in Ranged Weapons
 18539 | Lair:5   | Identified the +0 chain mail of Anaesthesia {Will- Int+4}
 18617 | Lair:5   | Reached skill level 1 in Shields
 18853 | Lair:5   | Reached XP level 15. HP: 96/100 MP: 15/15
 18898 | Lair:5   | Found a transporter.
 19191 | Lair:5   | Found a transporter.
 19206 | Lair:5   | Found a bloodstained altar of Trog.
 19206 | Lair:5   | Noticed Zonian's ghost (journeyman GrEE)
 19680 | Orc:1    | Entered Level 1 of the Orcish Mines
 20154 | Orc:2    | Entered Level 2 of the Orcish Mines
 20635 | Orc:2    | Found a roughly hewn altar of Beogh.
 20644 | Orc:2    | Found Wooweamm's Weapon Boutique.
 20712 | Orc:2    | Found Bodghugie's Jewellery Shop.
 21307 | Orc:2    | Reached skill level 5 in Armour
 21590 | Orc:2    | Found a staircase to the Elven Halls.
 22022 | Orc:2    | Found a roughly hewn altar of Beogh.
 22306 | Orc:2    | Found Woaj's General Store.
 22343 | Orc:2    | Found Pafraf's Antique Weapon Shoppe.
 22358 | Orc:2    | Gained mutation: You occasionally shout uncontrollably at
                  | your foes. [a neqoxec]
 23034 | Orc:2    | Lost mutation: You occasionally shout uncontrollably at
                  | your foes. [potion of mutation]
 23034 | Orc:2    | Gained mutation: You are robust. (+10% HP) [potion of
                  | mutation]
 23034 | Orc:2    | Gained mutation: You have hidden genetic defects. [potion
                  | of mutation]
 23034 | Orc:2    | Gained mutation: Your flesh is heat resistant. (rF+)
                  | [potion of mutation]
 23035 | Orc:2    | Lost mutation: You are robust. (+10% HP) [potion of
                  | mutation]
 23035 | Orc:2    | Lost mutation: Your flesh is heat resistant. (rF+) [potion
                  | of mutation]
 23035 | Orc:2    | Lost mutation: You have hidden genetic defects. [potion of
                  | mutation]
 23035 | Orc:2    | Gained mutation: You have hidden genetic defects. [potion
                  | of mutation]
 23035 | Orc:2    | Gained mutation: You are vulnerable to heat. (rF-) [potion
                  | of mutation]
 23035 | Orc:2    | Gained mutation: You possess an exceptional clarity of
                  | mind. [potion of mutation]
 23036 | Orc:2    | Lost mutation: You have hidden genetic defects. [potion of
                  | mutation]
 23036 | Orc:2    | Lost mutation: You are vulnerable to heat. (rF-) [potion of
                  | mutation]
 23036 | Orc:2    | Gained mutation: You are agile. (Dex +4, Str/Int -1)
                  | [potion of mutation]
 23208 | D:12     | Bought a shiny ring mail for 224 gold pieces
 23434 | D:14     | Found a broken altar of Ashenzari.
 23665 | D:14     | Found a gate to the Vaults.
 23773 | D:14     | Reached XP level 16. HP: 91/107 MP: 16/16
 23831 | D:14     | Found a hide-covered altar of Uskayaw.
 23993 | D:15     | Entered Level 15 of the Dungeon
 24089 | D:15     | Learned a level 4 spell: Dimensional Bullseye
 24136 | D:15     | Found a staircase to the Depths.
 24166 | D:15     | Reached skill level 1 in Hexes
 24188 | D:15     | Noticed Rupert
 24528 | D:15     | Paralysed by Rupert for 5 turns
 24545 | D:15     | Killed Rupert
 24770 | D:15     | Reached skill level 5 in Shields
 25022 | Spider:1 | Entered Level 1 of the Spider Nest
 25063 | Spider:1 | Reached skill level 15 in Fighting
 25475 | Spider:1 | Identified the +3 war axe "Qeloufamp" {freeze, rN++ Str+6}
 26551 | Spider:2 | Reached skill level 5 in Hexes
 27478 | Spider:2 | Reached skill level 10 in Ranged Weapons
 27751 | Spider:3 | Reached XP level 17. HP: 46/113 MP: 17/17
 29006 | Spider:3 | Reached skill level 15 in Dodging
 29155 | Spider:3 | Noticed Roxanne
 29730 | Spider:3 | Killed Roxanne
 29768 | Spider:4 | Entered Level 4 of the Spider Nest
 31918 | Spider:4 | Reached XP level 18. HP: 120/120 MP: 18/18
 31932 | Spider:4 | Got a gossamer rune of Zot
 32605 | Shoals:1 | Entered Level 1 of the Shoals
 32887 | Shoals:1 | Reached skill level 1 in Translocations
 33063 | Shoals:1 | Reached XP level 19. HP: 110/125 MP: 19/19
 34277 | Shoals:2 | Noticed Ilsuiw
 34325 | Shoals:2 | Killed Ilsuiw
 34469 | Shoals:2 | Identified the +8 falchion of the Penguin {vamp, rElec rF+
                  | Dex-3}
 34780 | Shoals:2 | Found a runed translucent door.
 34879 | Shoals:2 | Found a blossoming altar of Fedhas.
 34941 | Shoals:2 | Noticed Bunar's ghost (journeyman FeSh)
 35342 | Shoals:3 | Identified the serpent talisman of Durable Life {rF- rCorr
                  | Str+4 Slay-3}
 35342 | Shoals:3 | Noticed Aizul
 35365 | Shoals:3 | Killed Aizul
 35418 | Abyss:2  | Cast into level 2 of the Abyss (merfolk)
 35615 | Shoals:3 | Escaped the Abyss
 36013 | Shoals:4 | Entered Level 4 of the Shoals
 36070 | Shoals:4 | Noticed croobank's ghost (adept FeSu)
 36070 | Shoals:4 | Found a runed translucent gate.
 36070 | Shoals:4 | Found a runed translucent gate.
 36070 | Shoals:4 | Found a runed translucent gate.
 36652 | Shoals:4 | Got a barnacled rune of Zot
 37530 | Shoals:4 | Found Zebal's Weapon Shoppe.
 37961 | Vaults:1 | Entered Level 1 of the Vaults
 38078 | Vaults:1 | Found Anudubro's Jewellery Emporium.
 38109 | Vaults:1 | Found a magical portal.
 38114 | WizLab   | Entered Iskenderun's Mystic Tower
 38514 | WizLab   | Reached XP level 20. HP: 110/132 MP: 20/20
 38922 | WizLab   | Got Iskenderun's Excursus on Battle Magic
 38922 | WizLab   | Got Iskenderun's Directory of Pathos
 39365 | Vaults:1 | Bought an amulet of reflection for 570 gold pieces
 39436 | Vaults:1 | Learned a level 8 spell: Discord
 39750 | Vaults:1 | Reached skill level 1 in Spellcasting
 40493 | Vaults:2 | You are sucked into a shaft and drop 2 floors!
 40702 | Vaults:3 | Reached skill level 15 in Hexes
 40837 | Vaults:3 | Noticed an ancient lich
 40855 | Vaults:3 | Killed an ancient lich
 41150 | Abyss:2  | Cast into level 2 of the Abyss (a deep elf sorcerer)
 41526 | Abyss:2  | Found a corrupted altar of Lugonu.
 41618 | Abyss:2  | Killed from afar by a Hell Sentinel

Illustrated notes

Levels and vault maps discovered:
D:1:      eino_arrival_cavern_d, layout_basic
D:2:      kennysheep_six_static_rooms, layout_basic, uniq_sigmund
D:3:      layout_rooms, mainiacjoe_overflow_chevrons,
          mainiacjoe_overflow_alcove_1, mainiacjoe_overflow_alcove_4,
          dreamdust_ecumenical_altar_sealed_demon, uniq_grinder
D:4:      layout_gridville, okawaru_ov_weapons_minmay, guppyfry_early_orc_mine,
          uniq_menkaure, uniq_edmund
D:5:      layout_basic, enter_ossuary_4, ebering_ghost_sewer_d, uniq_eustachio,
          uniq_blork_the_orc, uniq_crazy_yiuf_cottage
D:6:      layout_basic
D:7:      cheibrodos_quashed, layout_rooms, lemuel_doored_altar,
          minmay_temple_entry_water_ring, kennysheep_opposing_triangles
D:8:      kennysheep_blocky_room, layout_loops_corners,
          nicolae_sif_muna_little_library, enter_bailey_3,
          kennysheep_decorative_pillar
D:9:      layout_irregular_city, riverfiend_overflow_shadow_ancestor,
          orc_david_3
D:10:     layout_gridville
D:11:     layout_basic, uniq_fannar
D:12:     layout_loops_corners, nicolae_wooded_promenade, uniq_sonja, uniq_kirke
D:13:     layout_cave_pools, serial_park, serial_park_fountain,
          serial_park_tiny_1, serial_park_square2, uniq_erolcha, uniq_azrael
D:14:     layout_cave_pools, david_vaults_1, nicolae_ashenzari_skybound,
          nicolae_uskayaw_en_pointe
D:15:     hangedman_depths_entry_civil_slaughter, layout_cave_pools, uniq_rupert
Temple:   nicolae_temple_ecumenical_triangle
Lair:1:   beast_lair_carwin_large_2, layout_gridlike, special_room
          [special_room_bee], uniq_nergalle, uniq_jeremiah, uniq_gastronok
Lair:2:   layout_gridlike, minmay_shoals_entry_beasts,
          hellmonk_spider_entry_not_the_bees
Lair:3:   layout_misc_corridors, minmay_lindwurm_lava, grunt_megastairs_3
Lair:4:   layout_layer_cave
Lair:5:   minmay_lair_end_enchanted_forest, layout_long_grid, slime_entry_1,
          gammafunk_ghost_wrathful_warriors, grunt_forest_large_clearings
Shoals:1: layout_shoals, nicolae_shoals_goliath_grotto
Shoals:2: layout_shoals, ebering_ghost_reflecting_pool,
          nicolae_shoals_square_sea_wall, lemuel_altar_in_water, uniq_ilsuiw
Shoals:3: layout_shoals, uniq_aizul
Shoals:4: shoals_end_grunt_garden, layout_shoals, shoals_ilsuiw_alternative,
          serial_shops, nicolae_shop_real_fake_doors, ebering_ghost_rock_garden,
          nicolae_shoals_cliffside_cave
Spider:1: nicolae_spider_hilbert_zone_3 [nicolae_spider_hilbert_4_sides_2_open,
          nicolae_spider_hilbert_3_sides_1_open,
          nicolae_spider_hilbert_3_sides_1_open,
          nicolae_spider_hilbert_3_sides_1_open,
          nicolae_spider_hilbert_3_sides_1_open,
          nicolae_spider_hilbert_4_sides_1_open,
          nicolae_spider_hilbert_4_sides_1_open,
          nicolae_spider_hilbert_4_sides_1_open,
          nicolae_spider_hilbert_4_sides_1_open,
          nicolae_spider_hilbert_4_sides_1_open,
          nicolae_spider_hilbert_4_sides_1_open,
          nicolae_spider_hilbert_4_sides_1_open,
          nicolae_spider_hilbert_4_sides_1_open,
          nicolae_spider_hilbert_3_sides_1_open,
          nicolae_spider_hilbert_3_sides_1_open,
          nicolae_spider_hilbert_3_sides_1_open,
          nicolae_spider_hilbert_3_sides_1_open]
Spider:2: layout_spider_delve
Spider:3: layout_spider_delve, uniq_roxanne
Spider:4: spider_rune_water
Orc:1:    layout_diamond_mine, nicolae_orc_crystal_seam
Orc:2:    pubby_orc_utopia
Vaults:1: mu_enter_wizlab_2, ontoclasm_vaults_chip, vaults_room_door_hall,
          vaults_room_octagon, vaults_room_mumra_shop_pool,
          nicolae_vaults_network_quinsquares
          [nicolae_vaults_network_quincunx_subvault,
          nicolae_vaults_network_quincunx_subvault,
          nicolae_vaults_network_quincunx_subvault,
          nicolae_vaults_network_quincunx_subvault], ontoclasm_vaults_gateway,
          nicolae_vaults_more_shelving_2, vaults_dpeg_hooks,
          nicolae_vaults_theta, nicolae_vaults_little_squares_1,
          vaults_room_fours, vaults_dpeg_diagonal, vaults_dpeg_emergency_exit,
          layout_vaults_maze_snakey
Vaults:2: nicolae_vaults_tetromino_T_1, v_misc_23, vaults_dpeg_ring,
          nicolae_vaults_layer_cake_slice, v_misc_1, vaults_room_stairs_pillars,
          blue_anna_dwarven_crypt, v_misc_1, layout_vaults_omnigrid,
          serial_shops, nicolae_shop_trees
Vaults:3: nicolae_vaults_trapezoid_lopsided_1, nicolae_vaults_trapezoid_3,
          dpeg_vaults_pockets_of_resistance, ontoclasm_vaults_eye,
          nicolae_vaults_little_squares_1, vaults_room_fancy_cross,
          nicolae_vaults_asterisk, ontoclasm_vaults_fault,
          hangedman_vaults_corner_blocks, v_alt_pattern_2,
          nicolae_vaults_frosty_reception, ontoclasm_vaults_decontamination,
          layout_vaults_omnicross, serial_shops, shop, shop,
          nicolae_shop_gibbet_a_chance, nicolae_shop_behind_doors, uniq_nikola
Vaults:4: ebering_ghost_inner_flame, nicolae_vaults_rhombus_7,
          nicolae_vaults_meeting, nicolae_vaults_tetromino_L_1,
          nicolae_vaults_closet_pinwheel_2, v_alt_pattern_2,
          nicolae_vaults_double_plus_1, nicolae_vaults_inception_corners,
          hangedman_vaults_hat, nicolae_vaults_closet_pinwheel_5,
          nicolae_vaults_stairing_the_circle, nicolae_vaults_storage_room_glass,
          layout_vaults_omnibox
Abyss:2:  base: D:13, base: D:9, hangedman_abyss_or_decor_slice

Skill      XL: |  1  2  3  4  5  6  7  8  9 10 11 12 13 14 15 16 17 18 19 20 |
---------------+-------------------------------------------------------------+-----
Stealth        | 6 7 8 10 11 13 14 16 17 | 17.5
Long Blades    | 3 4 5 7 9 10 12 14 15 | 15.9
Fighting       | 2 3 4 5 6 7 9 11 13 14 15 16 17 | 17.2
Dodging        | 2 3 4 5 7 8 9 11 12 13 14 15 16 17 | 17.5
Armour         | 1 4 5 6 7 |  7.0
Ranged Weapons | 1 5 8 10 11 13 14 | 14.0
Shields        | 1 4 6 7 |  7.0
Hexes          | 6 11 13 16 | 16.0
Translocations | 1 4 |  4.0
Spellcasting   | 3 |  3.6
Short Blades   | |  2.1
Throwing       | |  1.5

Action                     |  1- 3 |  4- 6 |  7- 9 | 10-12 | 13-15 | 16-18 | 19-21 || total
---------------------------+-------+-------+-------+-------+-------+-------+-------++-------
  Melee: Dagger            |    51 |   183 |   419 |     5 |    42 |       |       ||   700
         Bite              |     6 |    26 |    54 |   103 |   164 |   183 |   106 ||   642
         Double sword      |       |       |    61 |   128 |       |    34 |   582 ||   805
         Falchion          |       |       |       |   576 |   862 |   771 |       ||  2209
         Scimitar          |       |       |       |       |    14 |       |       ||    14
   Fire: Greatsling        |       |       |       |       |   730 |   623 |   934 ||  2287
  Throw: Dart              |     1 |     2 |    14 |    11 |       |     2 |       ||    30
         Throwing net      |       |       |     3 |     5 |       |       |       ||     8
Ability: Exsanguinate      |       |       |       |     1 |       |       |       ||     1
  Evoke: Wand              |       |       |     1 |       |       |       |       ||     1
    Use: Potion            |       |     8 |     1 |       |     4 |     8 |     6 ||    27
         Scroll            |       |     7 |     9 |    10 |     4 |     8 |     6 ||    44
   Stab: Sleeping          |     6 |     9 |    25 |    45 |    46 |     3 |     1 ||   135
         Invisible         |       |       |     6 |       |       |    15 |       ||    21
         Distracted        |       |       |     5 |     2 |     1 |       |     3 ||    11
         Held in net/web   |       |       |     3 |     4 |       |       |       ||     7
 Armour: Robe              |    21 |    33 |    55 |       |       |    19 |   251 ||   379
         Ring mail         |       |    78 |       |       |    12 |   261 |       ||   351
         Skin              |       |    44 |       |       |       |       |       ||    44
         Leather armour    |       |       |   146 |   187 |   196 |       |       ||   529
  Dodge: Dodged            |    14 |   107 |   300 |   460 |   914 |  1026 |   875 ||  3696
  Block: Buckler           |       |       |       |       |   121 |   453 |   402 ||   976
         Reflection        |       |       |       |       |       |       |    17 ||    17

Table legend: (Time is in decaauts)
 A = Elapsed time spent in this place.
 B = Non-inter-level travel time spent in this place.
 C = Inter-level travel time spent in this place.
 D = Time resting spent in this place.
 E = Time spent auto-exploring this place.
 F = Levels seen in this place.
 G = Mean time per level.
                   A        B        C        D        E       F      G
               +--------+--------+--------+--------+--------+-----+--------+
         Total |  39868 |  37120 |   2748 |   2298 |  25643 |  40 |  996.7 |
       Dungeon |  13902 |  12667 |   1235 |    339 |   9568 |  15 |  926.8 |
        Temple |     25 |     13 |     12 |      0 |      0 |   1 |   25.0 |
          Lair |   5936 |   5489 |    447 |    247 |   3809 |   5 | 1187.2 |
        Shoals |   4743 |   4549 |    194 |    166 |   3230 |   4 | 1185.8 |
   Spider Nest |   6818 |   6449 |    369 |   1146 |   3863 |   4 | 1704.5 |
  Orcish Mines |   3544 |   3221 |    323 |      3 |   2413 |   2 | 1772.0 |
        Vaults |   1922 |   1756 |    166 |     86 |   1149 |   4 |  480.5 |
         Abyss |    614 |    614 |      0 |    119 |    229 |   2 |  307.0 |
       Ossuary |    443 |    443 |      0 |      0 |    276 |   1 |  443.0 |
        Bailey |    858 |    858 |      0 |     40 |    549 |   1 |  858.0 |
        Wizlab |   1058 |   1058 |      0 |    150 |    556 |   1 | 1058.0 |
               +--------+--------+--------+--------+--------+-----+--------+

Top non-repeatable levels by time:
   Orc:2: 2815 daAuts
Spider:2: 2092 daAuts
Spider:4: 1695 daAuts
  Lair:5: 1688 daAuts
Spider:1: 1564 daAuts
Shoals:1: 1481 daAuts
Spider:3: 1466 daAuts
    D:11: 1313 daAuts
     D:8: 1244 daAuts
Vaults:1: 1244 daAuts
Shoals:3: 1226 daAuts
Shoals:4: 1218 daAuts
    D:12: 1202 daAuts
  Lair:2: 1174 daAuts
  Lair:1: 1137 daAuts
